 Dungeon Crawl Stone Soup version 0.31.0-11-ge490571c62 (webtiles) character file.

Game seed: 1172052642474839649

78 qw the Shooter (level 4, 0/25 HPs)
             Began as a Deep Elf Hunter on Feb 4, 2024.
             Slain by an orc
             ... wielding a +0 war axe
              (1 damage)
             ... on level 3 of the Dungeon.
             The game lasted 00:00:04 (1560 turns).

qw the Shooter (Deep Elf Hunter)                    Turns: 1560, Time: 00:00:05

Health: 0/25       AC:  7    Str: 10    XL:     4   Next: 15%
Magic:  6/6        EV:  9    Int: 14    God:
Gold:   67         SH:  0    Dex: 18    Spells: 3/3 levels left

rFire   + . .        a - +0 shortbow
rCold   . . .        (shield currently unavailable)
rNeg    . . .        h - +0 scale mail {rPois}
rPois   +            i - +0 helmet
rElec   .            (no cloak)
rCorr   .            (no gloves)
SInv    .            (no boots)
Will    .....        (no amulet)
Stlth   +            j - ring of protection from fire
HPRegen 0.24/turn    (no ring)
MPRegen 0.10/turn

%: no passive effects
@: no status effects
A: no striking features
a: no special abilities


You were on level 3 of the Dungeon.
You visited 1 branch of the dungeon, and saw 3 of its levels.

You collected 67 gold pieces.


   Skills:
 - Level 1.5 Fighting
 + Level 7.6 Ranged Weapons
 - Level 2.4 Dodging
 - Level 1.2 Stealth


You had 3 spell levels left.
You didn't know any spells.
Your spell library was empty.

Inventory:

Hand Weapons
 a - a +0 shortbow (weapon)
Armour
 b - a +0 ring mail
 h - a +0 scale mail of poison resistance (worn)
 i - a +0 helmet (worn)
Jewellery
 j - a ring of protection from fire (left hand)
Wands
 c - a wand of acid (6)
Scrolls
 d - a scroll of vulnerability {unknown}
Potions
 f - a potion of enlightenment
 k - a potion of mutation {unknown}

Dungeon Overview and Level Annotations

Branches:
Dungeon (3/15)

Altars:


Message History

The orc barely misses you.
You shoot an arrow. The arrow completely misses the orc.
The orc hits you but does no damage.
You shoot an arrow. The arrow hits the orc.
The orc is severely wounded.
The orc barely misses you.
You shoot an arrow. The arrow hits the orc!
You kill the orc!
You shoot an arrow. The arrow hits the orc.
The orc is heavily wounded.
The orc barely misses you.
You shoot an arrow. The arrow hits the orc!
You kill the orc!
The orc priest looks braver for a moment.
You shoot an arrow.
The arrow closely misses the orc priest.
The orc priest invokes the aid of Beogh against you.
Beogh smites you!
Ouch! That really hurt!
You shoot an arrow. The arrow hits the orc priest.
The orc priest is heavily wounded.
The orc priest hits you with a +0 flail.
1556 ||| DRINKING potion of heal wounds.
You feel much better.
The orc priest hits you with a +0 flail.
You shoot an arrow. The arrow hits the orc priest.
The orc priest is severely wounded.
You shoot an arrow. The arrow barely misses the orc priest.
The orc priest misses you.
You shoot an arrow.
The arrow closely misses the orc priest.
The orc hits you with a +0 war axe.
The orc priest mumbles some strange prayers to Beogh against you.
Pain shoots through your body!
You shoot an arrow. The arrow hits the orc priest.
The orc priest is almost dead.
The orc hits you with a +0 war axe!
The orc priest hits you with a +0 flail.
The orc hits you with a +0 war axe.
You die...

##..#.#
######..#.#####. ..
................ ..
.##...........## ..
.##.##........# .#
..#.###.###...# .#
..#.###.###..:# o#
.>#.##.#......###o#
................@o#
.#####........#####
.# #..###.### .# #
#.# .# #. #.#######
.#####..###.......#
............#####.#
#.#####.....# #.#
#####.#


You could see an orc priest and 2 orcs.

Vanquished Creatures
  3 adders (D:2)
  4 dart slugs
  2 ribbon worms (D:2)
  6 orcs (D:3)
  2 ball pythons (D:1)
  An endoplasm (D:2)
  2 giant cockroaches (D:2)
  4 goblins (D:2)
  2 jackals (D:1)
  2 kobolds
  3 quokkas (D:1)
  2 frilled lizards
33 creatures vanquished.

Notes
Turn   | Place    | Note
-------+----------+-------------------------------------------
     0 | D:1      | qw the Deep Elf Hunter began the quest for the Orb.
     0 | D:1      | Reached XP level 1. HP: 12/12 MP: 3/3
     0 | D:1      | 0 ||| qw: Version: 0.3-a-160-g6735b56
     0 | D:1      | 0 ||| qw: Game counter: 5495
     0 | D:1      | 0 ||| qw: Melee chars always use a shield: true
     0 | D:1      | 0 ||| qw: God list: Okawaru
     0 | D:1      | 0 ||| qw: Allow faded altars: false
     0 | D:1      | 0 ||| qw: Do Orc after clearing Dungeon:15 true
     0 | D:1      | 0 ||| qw: Do second Lair branch before Depths: true
     0 | D:1      | 0 ||| qw: Lair rune preference: random
     0 | D:1      | 0 ||| qw: Goals: Normal
     0 | D:1      | 0 ||| PLANNING D:1-11
   421 | D:1      | Reached XP level 2. HP: 12/16 MP: 4/4
   449 | D:1      | Reached skill level 6 in Ranged Weapons
   671 | D:1      | 671 ||| READING 2 scrolls labelled XISIJUYNALIMN.
   672 | D:1      | 672 ||| DRINKING 2 coppery potions.
   673 | D:1      | 673 ||| DROPPING scroll of butterflies.
   674 | D:1      | 674 ||| DROPPING scroll of amnesia.
   763 | D:2      | Reached XP level 3. HP: 20/20 MP: 5/5
   877 | D:2      | Reached skill level 7 in Ranged Weapons
  1387 | D:2      | 1387 ||| UPGRADING to +0 scale mail of poison resistance.
  1397 | D:2      | 1397 ||| DROPPING +0 leather armour.
  1398 | D:2      | 1398 ||| UPGRADING to +0 helmet.
  1403 | D:2      | 1403 ||| UPGRADING to ring of protection from fire.
  1404 | D:2      | 1404 ||| READING scroll labelled WAESIE KAEZIO.
  1405 | D:2      | 1405 ||| READING 2 scrolls labelled ZUKKAN MAGE.
  1405 | D:2      | 1405 ||| IDENTIFYING puce potion
  1406 | D:2      | 1406 ||| READING scroll of identify.
  1406 | D:2      | 1406 ||| IDENTIFYING brown potion
  1407 | D:2      | 1407 ||| DROPPING potion of lignification.
  1464 | D:3      | Reached XP level 4. HP: 25/25 MP: 6/6
  1555 | D:3      | HP: 4/25 [orc priest/+0 flail (5)]
  1556 | D:3      | 1556 ||| DRINKING potion of heal wounds.
  1560 | D:3      | HP: 2/25 [orc/+0 war axe (8)]
  1560 | D:3      | Slain by an orc

Levels and vault maps discovered:
D:1:      enne_arrival_octagon_isle, layout_basic, nicolae_eternal_life
D:2:      layout_loops_ring
D:3:      layout_loops_ring, makhleb_altar_promises_db,
          mainiacjoe_overflow_paths, mainiacjoe_overflow_catch_the_wave,
          uniq_sigmund, uniq_crazy_yiuf_cottage, uniq_grinder

Skill      XL: |  1  2  3 |
---------------+----------+-----
Ranged Weapons | 6 7 |  7.6
Fighting       | |  1.5
Dodging        | |  2.4
Stealth        | |  1.2

Action                     |  1- 3 |  4- 6 || total
---------------------------+-------+-------++-------
   Fire: Shortbow          |    76 |    21 ||    97
    Use: Scroll            |     4 |       ||     4
         Potion            |     1 |     1 ||     2
 Armour: Leather armour    |     3 |       ||     3
         Scale mail        |     4 |     8 ||    12
  Dodge: Dodged            |    12 |     5 ||    17

Table legend:
 A = Non-vault XP
 B = Vault XP
 C = Vault XP percentage of total XP
 D = Non-vault monster count
 E = Vault monster count
 F = Vault count percentage of total count
                 A         B        C        D         E       F
            +---------+---------+-------+---------+---------+-------
      Total |     112 |       0 |   0.0 |      33 |       0 |   0.0
            +---------+---------+-------+---------+---------+-------
        D:1 |      15 |       0 |   0.0 |       8 |       0 |   0.0
        D:2 |      73 |       0 |   0.0 |      16 |       0 |   0.0
        D:3 |      24 |       0 |   0.0 |       9 |       0 |   0.0
            +---------+---------+-------+---------+---------+-------
